 Dungeon Crawl Stone Soup version 0.29.0-13-gc9e81de378 (webtiles) character file.

Game seed: 16612079374423579525

114 smilodon the Trooper (level 4, -8/36 HPs)
             Began as a Demonspawn Fighter on Sept 9, 2022.
             Mangled by a fire elemental (12 damage)
             ... created by the fiery vengeance of Ignis
             ... on level 4 of the Dungeon on Sept 10, 2022.
             The game lasted 00:04:24 (3319 turns).

smilodon the Trooper (Demonspawn Fighter)           Turns: 3319, Time: 00:04:24

Health: -8/36      AC:  8    Str: 18    XL:     4   Next: 66%
Magic:  4/4        EV:  6    Int:  9    God:
Gold:   253        SH:  4    Dex: 13    Spells: 3/3 levels left

rFire   . . .      SeeInvis .   a - +0 long sword
rCold   + . .      Faith    .   c - +0 buckler
rNeg    . . .      Spirit   .   b - +0 scale mail
rPois   .          Reflect  .   (no helmet)
rElec   .          Harm     .   (no cloak)
rCorr   .          Rampage  .   (no gloves)
Will    .....                   (no boots)
Stlth   ..........              (no amulet)
HPRegen 0.12/turn               j - ring of protection from cold
MPRegen 0.09/turn               (no ring)

@: about to teleport, constricted, fire susceptible
A: yellow scales 1
a: no special abilities


You were on level 4 of the Dungeon.
You visited 2 branches of the dungeon, and saw 5 of its levels.

You collected 253 gold pieces.

Inventory:

Hand Weapons
 a - a +0 long sword (weapon)
 u - a +1 quarterstaff of distortion
Missiles
 f - 11 boomerangs (quivered)
Armour
 b - a +0 scale mail (worn)
 c - a +0 buckler (worn)
Jewellery
 j - a ring of protection from cold (left hand)
 q - a ring of protection from cold
Scrolls
 d - a scroll of magic mapping
 p - a scroll of identify {unknown}
 r - 2 scrolls of immolation {unknown}
 t - a scroll of torment {unknown}
Potions
 e - a potion of brilliance {unknown}
 g - a potion of magic {unknown}
 i - a potion of lignification {unknown}
 k - 3 potions of curing {unknown}
 l - 2 potions of mutation {unknown}
 m - 2 potions of degeneration {unknown}
 n - a potion of cancellation {unknown}
 o - a potion of attraction {unknown}
 s - a potion of heal wounds {unknown}
 v - a potion of ambrosia {unknown}


   Skills:
 + Level 3.6 Fighting
 + Level 2.5 Long Blades
 + Level 3.2 Armour
 * Level 1.5 Dodging
 + Level 3.2 Shields


You had 3 spell levels left.
You didn't know any spells.
Your spell library contained the following spells:

 Spells                   Type           Power      Damage    Failure   Level
 Ensorcelled Hibernation  Hex/Ice        0%         N/A       94%         2
 Spider Form              Tmut/Pois      0%         N/A       99%         3
 Anguish                  Hex/Necr       0%         N/A       100%        4


Dungeon Overview and Level Annotations

Branches:
Dungeon (4/15)             Temple (1/1) D:4

Altars:
Fedhas
Ignis

Shops:
D:3 *

Annotations:
D:4 1 transporter


Innate Abilities, Weirdness & Mutations

You are partially covered in yellow scales. (AC +2)


Message History

3 fire elementals come into view.
There is a staircase back to the Dungeon here.
There are monsters nearby!
You climb upwards.
Welcome back to the Dungeon!
Level annotation: 1 transporter
There is a staircase to the Ecumenical Temple here.
Found a helmet.
The fire elemental hits you. The fire elemental burns you!
The fire elemental barely misses you. The fire elemental hits you.
The fire elemental burns you!
Okay, then.
As you read the scroll of teleportation, it crumbles to dust.
You feel strangely unstable. You block the fire elemental's attack.
Your surroundings seem slightly different.
As you read the scroll of teleportation, it crumbles to dust.
You feel strangely unstable.
Your surroundings seem slightly different.
A quokka comes into view.
A ball python comes into view.
The quokka barely misses you.
You are too injured to fight recklessly!
You are too injured to fight recklessly!
You are too injured to fight recklessly!
You are too injured to fight recklessly!
You are too injured to fight recklessly!
You are too injured to fight recklessly!
You hit the quokka.
The quokka is heavily wounded.
You block the quokka's attack. The quokka bites you.
You slash the quokka!
You kill the quokka!
You closely miss the ball python. The ball python barely misses you.
The ball python completely misses you. The fire elemental hits you.
The fire elemental burns you!
* * * LOW HITPOINT WARNING * * *
The ball python bites you but does no damage.
The ball python grabs you. The ball python constricts you.
As you read the scroll of teleportation, it crumbles to dust.
You feel strangely unstable. The fire elemental hits you.
The fire elemental burns you!
You die...

###....#..##....#.#.....
##...##.......##.#.#.....
....'........##.#......#.###.
#.###.....##....#...##...##..
#.......○..........#.##..
#########○...#######.....
#°.### #.##.. ######E##
...#.##.. ≈≈≈ #...S@.#
#....... ≈.. #......#
#...###. .≈. #......# ######
#. .§. ........## $. #. .≈.
##......# $$ #. ≈.. #.......#
####' ≈≈§ .# #.#.....# #....
... #.# ...#+#### #....
####..# #....


You could see a fire elemental and a ball python.

Vanquished Creatures
  An orc wizard (D:4)
  2 adders
  A worm (D:4)
  3 dart slugs
  2 orcs (D:4)
  10 endoplasms
  2 giant cockroaches (D:1)
  3 goblins (D:1)
  7 hobgoblins
  5 kobolds
  6 quokkas
  3 ball pythons
  6 bats
  2 frilled lizards (D:2)
  4 rats
57 creatures vanquished.

Notes
Turn   | Place    | Note
-------+----------+-------------------------------------------
     0 | D:1      | smilodon the Demonspawn Fighter began the quest for the
                  | Orb.
     0 | D:1      | Reached XP level 1. HP: 18/18 MP: 1/1
   267 | D:1      | Gained mutation: You are partially covered in yellow
                  | scales. (AC +2) [demonic ancestry]
   267 | D:1      | Reached XP level 2. HP: 24/24 MP: 2/2
  1091 | D:2      | Reached XP level 3. HP: 9/29 MP: 3/3
  1791 | D:2      | Found a faded altar of an unknown god.
  1937 | D:2      | Prayed at the altar of an unknown god.
  1937 | D:2      | Became a worshipper of Ignis, the Dying Flame
  1938 | D:2      | Fell from the grace of Ignis
  2177 | D:3      | Found Meluawn's Assorted Antiques.
  2847 | D:3      | You fall into a shaft and drop 1 floor!
  2854 | D:4      | Found a blossoming altar of Fedhas.
  2861 | D:4      | Reached XP level 4. HP: 33/35 MP: 4/4
  2867 | D:4      | Reached skill level 1 in Dodging
  3191 | D:4      | Found a transporter.
  3271 | D:4      | Found a staircase to the Ecumenical Temple.
  3289 | Temple   | Entered the Ecumenical Temple
  3290 | Temple   | Noticed a fire elemental
  3290 | Temple   | Noticed a fire elemental
  3290 | Temple   | Noticed a fire elemental
  3319 | D:4      | Mangled by a fire elemental

Illustrated notes

Levels and vault maps discovered:
D:1:      spicycebolla_arrival_clurvy, layout_rooms,
          chequers_hall_statues_wall_a
D:2:      layout_basic, ebering_ecumenical_altar_webs
D:3:      layout_basic, serial_shops, nicolae_shop_behind_doors
D:4:      gammafunk_cloud_chamber, layout_basic, mainiacjoe_overflow_paths,
          nicolae_hepliaklqana_ecumenical_no_more, minmay_temple_entry_ruins,
          serial_shops, shop, corner_web_ring, chequers_avenue
Temple:   cyrus_temple_forest

Skill      XL: |  1  2  3  4 |
---------------+-------------+-----
Long Blades    | 2 |  2.5
Shields        | 3 |  3.2
Armour         | 3 |  3.2
Dodging        | 1 |  1.5
Fighting       | |  3.6

Action                   |  1- 3 |  4- 6 || total
-------------------------+-------+-------++-------
Melee: Long sword        |   161 |    28 ||   189
Invok: Renounce Religion |     1 |       ||     1
  Use: Scroll            |     2 |     3 ||     5
       Potion            |     1 |       ||     1
Armor: Scale mail        |   102 |    15 ||   117
Dodge: Dodged            |    80 |    21 ||   101
Block: Buckler           |    50 |     6 ||    56
